 Dungeon Crawl Stone Soup version 0.28-a0-43-g560ac104fe (webtiles) character file.

Game seed: 8117803108421962065

17 Lekart the Skirmisher (level 2, -11/27 HPs)
             Began as a Draconian Fighter on July 28, 2021.
             Mangled by an ogre (18 damage)
             ... on level 2 of the Dungeon.
             The game lasted 00:01:03 (907 turns).

Lekart the Skirmisher (Draconian Fighter)            Turns: 907, Time: 00:01:03

Health: -11/27     AC:  5    Str: 18    XL:     2   Next: 44%
Magic:  2/2        EV: 10    Int:  8    God:
Gold:   39         SH:  8    Dex: 10    Spells: 1/1 levels left

rFire   . . .      SeeInvis .   a - +0 long sword
rCold   . . .      Faith    .   b - +0 kite shield
rNeg    . . .      Spirit   .   (armour unavailable)
rPois   .          Reflect  .   (helmet restricted)
rElec   .          Harm     .   g - +0 cloak
rCorr   .          Rampage  .   (no gloves)
Will    .....                   (no boots)
Stlth   +.........              (no amulet)
HPRegen 0.09/turn               (no ring)
MPRegen 0.08/turn               (no ring)

@: mighty
A: AC +4, unfitting armour, cold-blooded
a: no special abilities


You were on level 2 of the Dungeon.
You visited 1 branch of the dungeon, and saw 2 of its levels.

You collected 39 gold pieces.

Inventory:

Hand Weapons
 a - a +0 long sword (weapon)
Armour
 b - a +0 kite shield (worn)
 g - a +0 cloak (worn)
Scrolls
 d - a scroll of immolation {unknown}
 e - a scroll of enchant armour {unknown}
Potions
 f - a potion of magic {unknown}


   Skills:
 * Level 3.8 Fighting
 + Level 2.2 Long Blades
 + Level 2.8 Dodging
 + Level 3.1 Shields


You had one spell level left.
You didn't know any spells.
Your spell library was empty.

Dungeon Overview and Level Annotations

Branches:
Dungeon (2/15)

Altars:

Annotations:
D:1 exclusion: downstairs


Innate Abilities, Weirdness & Mutations

Your plain brown scales are hard. (AC +4)
You cannot fit into any form of body armour.
You are cold-blooded and may be slowed by cold attacks.


Message History

The quokka barely misses you.
You riposte.
You closely miss the quokka.
The quokka is lightly wounded.
You hit the quokka.
The quokka is heavily wounded.
You block the quokka's attack. x2
You hit the quokka but do no damage.
The quokka is heavily wounded.
You block the quokka's attack.
You hit the quokka.
You kill the quokka!
No target in view!
A ball python comes into view.
A ball python is nearby!
The ball python hisses angrily.
The ball python bites you. The ball python grabs you.
The ball python constricts you.
You hit the ball python.
You kill the ball python!
No target in view!
As you open the door, it creaks loudly!
There is an open door here.
There is an open door here.
Found a stone staircase leading up.
No target in view!
An ogre is nearby!
You slash the ogre! You tail-slap the ogre.
The ogre is moderately wounded.
The ogre barely misses you.
You hit the ogre but do no damage.
The ogre is moderately wounded.
The ogre misses you.
The ogre hits you with a +0 giant club!!
Ouch! That really hurt!
* * * LOW HITPOINT WARNING * * *
You are too injured to fight recklessly!
You are too injured to fight recklessly!
You feel very mighty all of a sudden.
The ogre hits you with a +0 giant club!!
Ouch! That really hurt!
You die...

#.......##'###.# #.#.#..........#
#.#.#..........# #..
.#...#..........##########.######
.....#...................#.#..≈..
.....#.........###....##.#.#.≈≈#.
..(..#.........# #....##.#.#..≈..
.....#.........###....##≈≈≈#.)<#.
.....#.........O@.....≈≈≈#.#.#.#.
.....##........##....≈≈#.#.#...#.
....[##........##...≈≈....≈≈.#.#.
.....##........##.....≈≈≈#.≈≈..#.
#######........##.....##≈#.#≈≈.#.
###########.......≈#.#.#...
#.#.######.#..... #.#.# #.#####.
#.#.# ##. .


You could see an ogre.

Vanquished Creatures
  A hobgoblin (D:1)
  4 jackals
  A quokka (D:2)
  5 ball pythons
  A frilled lizard (D:1)
  4 kobolds
  2 rats (D:1)
18 creatures vanquished.

Notes
Turn   | Place    | Note
-------+----------+-------------------------------------------
     0 | D:1      | Lekart the Draconian Fighter began the quest for the Orb.
     0 | D:1      | Reached XP level 1. HP: 19/19 MP: 1/1
   441 | D:1      | Found a faded altar of an unknown god.
   538 | D:1      | Reached XP level 2. HP: 27/27 MP: 2/2
   746 | D:2      | Noticed an ogre
   907 | D:2      | Mangled by an ogre

Illustrated notes

Levels and vault maps discovered:
D:1:      dpeg_arrival_round_b, layout_basic,
          hellmonk_ecumenical_altar_inner_sanctum, feat_on_display
D:2:      layout_basic, serial_rivers, chequers_serial_rivers_micro_d,
          chequers_serial_rivers_micro_c, chequers_serial_rivers_small_b,
          chequers_serial_rivers_small_b, serial_shops, shop,
          cheibrodos_gnoll_hut

Action                   || total
-------------------------++-------
Melee: Long sword        ||    54
       Tailslap          ||     5
  Use: Potion            ||     1
 Stab: Distracted        ||     1
Armor: Skin              ||    27
Dodge: Dodged            ||    29
Block: Kite shield       ||    31
       Rpst.: Long sword ||     7

Table legend: (Time is in decaauts)
 A = Elapsed time spent in this place.
 B = Non-inter-level travel time spent in this place.
 C = Inter-level travel time spent in this place.
 D = Time resting spent in this place.
 E = Time spent auto-exploring this place.
 F = Levels seen in this place.
 G = Mean time per level.
                   A        B        C        D        E       F      G
               +--------+--------+--------+--------+--------+-----+--------+
         Total |    937 |    871 |     66 |      0 |    699 |   2 |  468.5 |
       Dungeon |    937 |    871 |     66 |      0 |    699 |   2 |  468.5 |
               +--------+--------+--------+--------+--------+-----+--------+

Top non-repeatable levels by time:
     D:1: 761 daAuts
     D:2: 175 daAuts
